 Dungeon Crawl Stone Soup version 0.26.1-11-gd32895ea62 (webtiles) character file.

Game seed: 18236909779688611281

85 Almogavar the Chiller (level 4, 0/30 HPs)
             Began as a Merfolk Ice Elementalist on May 18, 2021.
             Killed by divine providence
             ... invoked by an orc priest
              (11 damage)
             ... on level 4 of the Dungeon.
             The game lasted 00:08:29 (1927 turns).

Almogavar the Chiller (Merfolk Ice Elementalist)    Turns: 1927, Time: 00:08:29

Health: 0/30       AC:  4    Str:  8    XL:     4   Next: 48%
Magic:  8/8        EV: 13    Int: 15    God:
Gold:   127        SH:  0    Dex: 14    Spells: 8/9 levels left

rFire    . . .     SeeInvis .   i - +0 short sword (vamp)
rCold    . . .     Faith    .   (no shield)
rNeg     . . .     Spirit   .   a - +0 robe
rPois    .         Reflect  .   (no helmet)
rElec    .         Harm     .   h - +0 cloak
rCorr    .         Rampage  .   (no gloves)
Will     .....                  f - +0 pair of boots
Stlth    ++........             (no amulet)
HPRegen  0.10/turn              (no ring)
MPRegen  0.11/turn              (no ring)

@: no status effects
A: change form in water, swift swim, stealthy swim
a: no special abilities


You were on level 4 of the Dungeon.
You visited 1 branch of the dungeon, and saw 5 of its levels.

You collected 127 gold pieces.

Inventory:

Hand Weapons
 i - a +0 vampiric short sword (weapon)
 k - a +2 short sword of speed
Armour
 a - a +0 robe (worn)
 b - a +0 ring mail
 f - a +0 pair of boots (worn)
 h - a +0 cloak (worn)
Scrolls
 e - a scroll of amnesia
 j - a scroll of enchant weapon
 l - a scroll of fear {unknown}
Potions
 d - a potion of flight
 g - 2 potions of heal wounds {unknown}


   Skills:
 + Level 2.9 Dodging
 + Level 2.4 Stealth
 + Level 3.1 Spellcasting
 + Level 5.4 Ice Magic


You had 8 spell levels left.
You knew the following spells:

 Your Spells              Type           Power        Failure   Level
a - Freeze                Ice            72%          2%          1

Your spell library contained the following spells:

 Spells                   Type           Power        Failure   Level
 Frozen Ramparts          Ice            36%          6%          3
 Ozocubu's Armour         Ice            18%          6%          3
 Hailstorm                Conj/Ice       10%          54%         4
 Summon Ice Beast         Ice/Summ       10%          54%         4


Dungeon Overview and Level Annotations

Branches:
Dungeon (5/15)
 Temple: D:4-7

Altars:
Cheibriados

Annotations:
D:4 Edmund


Message History

You hear a shout!
Found a flail and a scroll of identify.
There is a stone staircase leading down here.
The orc shouts!
The ufetubus misses you. The ufetubus hits you.
The ufetubus hits you but does no damage.
The ufetubus hits you.
The orc hits you from afar with a +0 trident.
The ufetubus hits you. The ufetubus misses you.
Found a leather armour.
The orc wizard gestures wildly while chanting.
The orc wizard blinks!
The orc wizard casts a spell.
The orc wizard seems to speed up.
The orc hits you from afar with a +0 trident.
A goblin, Edmund and a skeleton come into view.
The goblin is carrying a wand of flame (17).
Edmund is wielding a +0 dire flail of holy wrath.
The orc priest calls down the wrath of Beogh upon you.
Beogh smites you!
You die...

###......).....
.......ยง.......
...............
...............
.....oo>.......
....#oooo......
. ##.....##..
#5....###
#@........
....g........###
#.).###......#
.Z .........
......####
.###...[. #
####.# .@


You could see Edmund (asleep), an orc priest, 3 orc wizards, 2 orcs, an
ufetubus, a goblin (wandering) and a quokka skeleton.

Vanquished Creatures
  An orc wizard (D:2)
  An adder (D:2)
  A worm (D:2)
  A dart slug (D:2)
  3 leopard geckos
  2 orcs (D:2)
  2 giant cockroaches
  7 goblins
  5 hobgoblins
  2 quokkas (D:2)
  A ball python (D:1)
  2 bats (D:2)
  2 frilled lizards (D:1)
  5 kobolds
  2 rats (D:1)
37 creatures vanquished.

Notes
Turn   | Place    | Note
-------+----------+-------------------------------------------
     0 | D:1      | Almogavar the Merfolk Ice Elementalist began the quest for
                  | the Orb.
     0 | D:1      | Reached XP level 1. HP: 13/13 MP: 3/3
   281 | D:1      | Reached XP level 2. HP: 19/19 MP: 1/5
   709 | D:1      | Found a snail-covered altar of Cheibriados.
   852 | D:2      | Reached XP level 3. HP: 22/24 MP: 1/6
  1064 | D:2      | Reached skill level 5 in Ice Magic
  1311 | D:2      | Reached XP level 4. HP: 30/30 MP: 4/8
  1655 | D:2      | Found a faded altar of an unknown god.
  1912 | D:3      | You fall into a shaft and drop 2 floors!
  1912 | D:5      | Entered Level 5 of the Dungeon
  1927 | D:4      | Noticed Edmund
  1927 | D:4      | Killed from afar by an orc priest

Illustrated notes

Levels and vault maps discovered:
D:1:      evilmike_arrival_rings, layout_basic, chequers_serial_rivers_micro_c,
          cheibriados_altar_1
D:2:      layout_basic, chequers_ecumenical_altar_island
D:3:      cheibrodos_greedy_goblins, layout_loops_ring,
          nzn_hepliaklqana_mist_gate,
          chequers_temple_overflow_statue_of_worship, elyvilon_altar_5,
          uniq_robin
D:4:      layout_rooms, vehumet_altar_wand_db, lemuel_temple_firewalk_a,
          grunt_ministairs_6, kennysheep_generic_room_11, uniq_edmund,
          uniq_menkaure, uniq_ijyb, uniq_crazy_yiuf_cottage
D:5:      layout_loops_ring, nicolae_dithmenos_shadow_blocks, st_stairs_12

Skill      XL: |  1  2  3  4 |
---------------+-------------+-----
Ice Magic      | 5 |  5.4
Spellcasting   | 3 |  3.1
Dodging        | |  2.9
Stealth        | |  2.4

Action                   |  1- 3 |  4- 6 || total
-------------------------+-------+-------++-------
Melee: Short sword       |     4 |    11 ||    15
 Cast: Freeze            |    46 |    11 ||    57
  Use: Scroll            |       |     3 ||     3
 Stab: Sleeping          |     2 |       ||     2
Armor: Robe              |     5 |     3 ||     8
Dodge: Dodged            |    25 |    19 ||    44
